 Dungeon Crawl Stone Soup version 0.30-a0-779-g7971cf19c3 (webtiles) character file.

Game seed: 12086704646917099261

177 Dittersdorf the Covered (level 5, 0/34 HPs)
             Began as a Gargoyle Fighter on Feb 17, 2023.
             Slain by an ogre
             ... wielding a +0 giant spiked club
              (16 damage)
             ... on level 4 of the Dungeon.
             The game lasted 00:03:59 (2847 turns).

Dittersdorf the Covered (Gargoyle Fighter)          Turns: 2847, Time: 00:04:00

Health: 0/34       AC: 13    Str: 22    XL:     5   Next: 57%
Magic:  5/5        EV:  9    Int:  8    God:
Gold:   153        SH:  4    Dex:  9    Spells: 4/4 levels left

rFire   + . .      SeeInvis .    a - +1 flail
rCold   . . .      Faith    .    c - +0 buckler
rNeg    + . .      Spirit   .    b - +0 scale mail
rPois   ∞          Reflect  .    (no helmet)
rElec   +          Harm     .    q - +0 cloak
rCorr   .          Rampage  .    (no gloves)
Will    .....                    n - +0 pair of boots Stlth
                                 (no amulet)
HPRegen 0.25/turn                w - ring of protection from fire
MPRegen 0.09/turn                (no ring)

@: no status effects
A: sickness immunity, AC +4, negative energy resistance 1, electricity
resistance, torment resistance 1, petrification resistance
a: no special abilities


You were on level 4 of the Dungeon.
You visited 1 branch of the dungeon, and saw 4 of its levels.

You collected 153 gold pieces.

Inventory:

Hand Weapons
 a - a +1 flail (weapon)
Missiles
 s - a poisoned dart (quivered)
Armour
 b - a +0 scale mail (worn)
 c - a +0 buckler (worn)
 n - a +0 pair of boots (worn)
 q - a +0 cloak (worn)
Jewellery
 w - a ring of protection from fire (left hand)
Scrolls
 f - 2 scrolls of enchant weapon
 j - a scroll of teleportation
 m - 2 scrolls of acquirement {unknown}
 p - a scroll of vulnerability {unknown}
 r - a scroll of fog {unknown}
 u - 3 scrolls of identify {unknown}
 v - 2 scrolls of silence {unknown}
Potions
 d - 2 potions of might
 e - 5 potions of magic {unknown}
 g - 4 potions of curing {unknown}
 h - 3 potions of mutation {unknown}
 k - a potion of heal wounds {unknown}
 l - a potion of attraction {unknown}
 o - a potion of haste {unknown}
 t - 3 potions of invisibility {unknown}


   Skills:
 + Level 4.3 Fighting
 + Level 3.2 Maces & Flails
 + Level 4.3 Armour
 + Level 4.3 Shields


You had 4 spell levels left.
You didn't know any spells.
Your spell library contained the following spells:

 Spells                   Type           Power      Damage    Failure   Level
 Ensorcelled Hibernation  Hex/Ice        0%         N/A       91%         2
 Passwall                 Tmut/Erth      0%         N/A       91%         2
 Ignite Poison            Fire/Tmut/Pois 0%         N/A       99%         3
 Spider Form              Tmut/Pois      0%         N/A       99%         3
 Anguish                  Hex/Necr       0%         N/A       100%        4
 Ice Form                 Ice/Tmut       0%         N/A       100%        4
 Leda's Liquefaction      Hex/Erth       0%         N/A       100%        4
 Lee's Rapid Deconstruct  Erth           0%         3d4*      100%        5
 Metabolic Englaciation   Hex/Ice        0%         N/A       100%        5
 Statue Form              Tmut/Erth      Unusable   N/A       N/A         6

Dungeon Overview and Level Annotations

Branches:
Dungeon (4/15)             Temple (0/1) D:4

Altars:


Innate Abilities, Weirdness & Mutations

You are immune to sickness and miasma.
Your stone body is resilient. (AC +4)
You are immune to poison.
You resist negative energy. (rN+)
You are resistant to electric shocks. (rElec)
You are resistant to unholy torment.
You are immune to petrification.


Message History

You barely miss the gnoll.
The gnoll is heavily wounded.
The gnoll looks more healthy.
The gnoll misses you.
You hit the gnoll.
The gnoll is severely wounded.
The gnoll hits you but does no damage.
You thump the gnoll!
You kill the gnoll!
The ogre closely misses you.
The gnoll hits you from afar with a +0 spear.
You hit the ogre.
The ogre is lightly wounded.
The gnoll hits you from afar with a +0 spear.
Throw: 4 darts (poison)
Press: ? - help, Q - select action Shift-Dir - straight line, f - ogre
Aim: an ogre, wielding a +0 giant spiked club (lightly wounded, 72% to hit)
You throw a poisoned dart.
The poisoned dart completely misses the ogre.
The poisoned dart completely misses the gnoll.
You block the ogre's attack. You block the gnoll's attack.
Throw: 3 darts (poison)
Press: ? - help, Q - select action Shift-Dir - straight line, f/p - ogre
Aim: an ogre, wielding a +0 giant spiked club (lightly wounded, 72% to hit)
You throw a poisoned dart. The poisoned dart hits the ogre.
The ogre is poisoned.
The ogre is lightly wounded.
The ogre barely misses you. The gnoll closely misses you.
Throw: 2 darts (poison)
Press: ? - help, Q - select action Shift-Dir - straight line, f/p - ogre
Aim: an ogre, wielding a +0 giant spiked club (lightly wounded, poisoned, 72% to hit)
You throw a poisoned dart.
The poisoned dart barely misses the ogre.
The poisoned dart hits the gnoll.
The gnoll is poisoned.
The gnoll hits you from afar with a +0 spear.
The ogre attacks as you move away!
The ogre hits you with a +0 giant spiked club!
The ogre looks more healthy.
The ogre attacks as you move away!
The ogre hits you with a +0 giant spiked club!
You die...

#.#
*******,,
#.# ***
#(# #(#
#(# #.#
#g# #O#
##########
#@#
#........#
#.#
#........#
#.#
#........#
#.#
#...<....#
#.#
#........#
#.#
#........#
#.#
#........#
#.#
#........#
#.#
####.#####


You could see an ogre and a gnoll (poisoned).

Vanquished Creatures
  An orc wizard (D:2)
  A gnoll (D:4)
  6 adders
  A worm (D:3)
  A dart slug (D:2)
  6 orcs
  3 ball pythons
  6 bats
  6 endoplasms
  2 giant cockroaches
  10 goblins
  9 hobgoblins
  11 kobolds
  3 quokkas
  A frilled lizard (D:2)
  9 rats
76 creatures vanquished.

Notes
Turn   | Place    | Note
-------+----------+-------------------------------------------
     0 | D:1      | Dittersdorf the Gargoyle Fighter began the quest for the
                  | Orb.
     0 | D:1      | Reached XP level 1. HP: 14/14 MP: 1/1
   191 | D:1      | Reached XP level 2. HP: 19/19 MP: 2/2
   666 | D:2      | Reached XP level 3. HP: 22/23 MP: 3/3
   909 | D:2      | Found a faded altar of an unknown god.
  1005 | D:2      | Reached XP level 4. HP: 29/29 MP: 4/4
  1123 | D:2      | Got Veset's Compilation of Mutable Ensorcelling
  2057 | D:3      | Reached XP level 5. HP: 29/33 MP: 5/5
  2816 | D:4      | Noticed an ogre
  2847 | D:4      | Slain by an ogre

Illustrated notes

Levels and vault maps discovered:
D:1:      mrwooster_arrival_statue_2, layout_loops_ring
D:2:      layout_loops_cross, nicolae_ecumenical_lake_church
D:3:      minmay_diamond_boxcup, layout_loops_corners,
          minmay_goblin_kobold_house
D:4:      layout_basic, lemuel_coloured_pillars_altar,
          minmay_temple_entry_antechambers

Skill      XL: |  1  2  3  4 |
---------------+-------------+-----
Shields        | 4 |  4.3
Armour         | 4 |  4.3
Fighting       | 4 |  4.3
Maces & Flails | 3 |  3.2

Action                     |  1- 3 |  4- 6 || total
---------------------------+-------+-------++-------
  Melee: Flail             |    97 |   149 ||   246
  Throw: Dart              |       |     5 ||     5
    Use: Scroll            |       |     3 ||     3
 Armour: Scale mail        |    53 |    74 ||   127
  Dodge: Dodged            |    53 |    78 ||   131
  Block: Buckler           |    22 |    45 ||    67

Table legend: (Time is in decaauts)
 A = Elapsed time spent in this place.
 B = Non-inter-level travel time spent in this place.
 C = Inter-level travel time spent in this place.
 D = Time resting spent in this place.
 E = Time spent auto-exploring this place.
 F = Levels seen in this place.
 G = Mean time per level.
                   A        B        C        D        E       F      G
               +--------+--------+--------+--------+--------+-----+--------+
         Total |   2925 |   2819 |    106 |    217 |   1923 |   4 |  731.2 |
       Dungeon |   2925 |   2819 |    106 |    217 |   1923 |   4 |  731.2 |
               +--------+--------+--------+--------+--------+-----+--------+

Top non-repeatable levels by time:
     D:3: 1079 daAuts
     D:2: 1019 daAuts
     D:1: 691 daAuts
     D:4: 134 daAuts
